 Dungeon Crawl Stone Soup version 0.28-a0-1382-g92835e5c71 (webtiles) character file.

Game seed: 241621286770495587

5299 BlackKnightOfGwyn the Carver (level 10, 0/76 HPs)
             Began as a Human Cinder Acolyte on Jan 1, 2022.
             Was a High Priest of Ignis.
             Slain by a gnoll sergeant (2 damage)
             ... on level 7 of the Dungeon.
             The game lasted 00:16:51 (14114 turns).

BlackKnightOfGwyn the Carver (HuCA)                Turns: 14114, Time: 00:16:52

Health: 0/76       AC:  7    Str: 19    XL:     10   Next: 95%
Magic:  5/20       EV: 10    Int: 17    God:    Ignis [*****.]
Gold:   182        SH:  4    Dex:  9    Spells: 17/23 levels left

rFire   + . .      SeeInvis .   F - +4 long sword
rCold   . . .      Faith    .   K - +0 buckler
rNeg    . . .      Spirit   .   i - +0 leather armour
rPois   .          Reflect  .   g - +1 hat {Int+3}
rElec   .          Harm     .   (no cloak)
rCorr   .          Rampage  .   (no gloves)
Will    .....                   e - +2 pair of boots
Stlth   +.........              (no amulet)
HPRegen 0.22/turn               (no ring)
MPRegen 0.17/turn               (no ring)

@: lethally poisoned (0 -> -7), lit by a corona, about to teleport, glowing
A: no striking features
a: Renounce Religion, Fiery Armour, Foxfire Swarm, Rising Flame


You were on level 7 of the Dungeon.
You worshipped Ignis.
Ignis was extremely pleased with you.
You visited 1 branch of the dungeon, and saw 10 of its levels.
You also visited: Ossuary.

You collected 520 gold pieces.
You spent 338 gold pieces at shops.

Inventory:

Hand Weapons
 a - a -1 falchion of flaming
 c - a +2 vorpal long sword
 w - the +8 woodcutter's axe {vorpal}
   (You took it off a gnoll on level 5 of the Dungeon)

   It inflicts extra damage upon your enemies.
 F - a +4 long sword (weapon)
Missiles
 f - 5 throwing nets (quivered)
 h - 27 poisoned darts
Armour
 b - a +0 robe
 e - a +2 pair of boots (worn)
 g - a +1 hat of intelligence (worn)
 i - a +0 leather armour (worn)
 x - a +1 helmet
 K - a +0 buckler (worn)
Jewellery
 t - a ring of magical power
 v - a ring of flight
Wands
 k - a wand of flame (18)
 u - a wand of polymorph (4)
 C - a wand of iceblast (1)
Scrolls
 o - 3 scrolls of teleportation
 y - a scroll of magic mapping
 A - 3 scrolls of fear
 B - a scroll of enchant weapon
 D - 2 scrolls of fog
 I - a scroll of amnesia
 J - 3 scrolls of blinking
Potions
 d - 4 potions of heal wounds
 j - 2 potions of berserk rage {unknown}
 l - 7 potions of curing
 m - 3 potions of mutation
 n - 3 potions of degeneration {unknown}
 p - a potion of brilliance {unknown}
 q - 3 potions of lignification
 r - 3 potions of flight
 s - 2 potions of might
 E - a potion of resistance {unknown}
 H - a potion of haste {unknown}
 L - a potion of invisibility {unknown}


   Skills:
 + Level 6.0 Fighting
 * Level 9.7 Long Blades
 + Level 3.0 Shields
 - Level 7.0 Spellcasting
 - Level 8.3 Fire Magic


You had 17 spell levels left.
You knew the following spells:

 Your Spells              Type           Power      Damage    Failure   Level
a - Scorch                Fire           68%        2d8       1%          2
b - Sticky Flame          Conj/Fire      20%        2d4       28%         4

Your spell library contained the following spells:

 Spells                   Type           Power      Damage    Failure   Level
 Magic Dart               Conj           24%        1d4       16%         1
 Pain                     Necr           24%        1d5       16%         1
 Sandblast                Erth           12%        2d6       16%         1
 Passwall                 Tmut/Erth      5%         N/A       24%         2
 Searing Ray              Conj           12%        2d4       24%         2
 Static Discharge         Conj/Air       6%         N/A       24%         2
 Call Canine Familiar     Summ           6%         N/A       43%         3
 Ozocubu's Armour         Ice            6%         N/A       43%         3
 Portal Projectile        Hex/Tloc       12%        N/A       43%         3
 Stone Arrow              Conj/Erth      12%        3d7       43%         3
 Animate Armour           Summ/Erth      12%        N/A       83%         4
 Dispel Undead            Necr           6%         3d8       83%         4
 Fulminant Prism          Conj/Hex       3%         3d6       83%         4
 Leda's Liquefaction      Hex/Erth       3%         N/A       83%         4
 Agony                    Necr           6%         N/A       99%         5
 Excruciating Wounds      Necr           3%         N/A       99%         5
 Summon Forest            Summ/Tloc      3%         N/A       99%         5
 Eringya's Noxious Bog    Tmut/Pois      3%         N/A       100%        6
 Malign Gateway           Summ/Tloc      3%         N/A       100%        7
 Ozocubu's Refrigeration  Ice            3%         4d5       100%        7
 Summon Hydra             Summ           3%         N/A       100%        7
 Lehudib's Crystal Spear  Conj/Erth      3%         10d2      100%        8
 Summon Horrible Things   Summ           3%         N/A       100%        8


Dungeon Overview and Level Annotations

Branches:
Dungeon (10/15)            Temple (0/1) D:6         Ossuary (visited)
   Lair: D:8-11         Orc: D:9-12

Altars:
Fedhas

Shops:
D:4 **(:*

Annotations:
D:7 1 transporter, ma3's ghost, novice DrBr


Message History

The gnoll sergeant misses you. The gnoll hits you but does no damage.
Casting: Scorch (safe; 1% risk of failure)
Confirm with . or Enter, or press ? or * to list all spells.
Flames lash the gnoll sergeant.
The gnoll sergeant is moderately wounded.
The gnoll sergeant's fire resistance burns away.
The gnoll closely misses you. The gnoll shaman barely misses you.
The gnoll sergeant hits you from afar with a +1 spear of venom!
You are poisoned.
Casting: Scorch (safe; 1% risk of failure)
Confirm with . or Enter, or press ? or * to list all spells.
Flames lash the gnoll.
You kill the gnoll!
You feel very sick.
The gnoll is no longer more vulnerable to fire.
The gnoll sergeant hits you from afar with a +1 spear of pain.
You writhe in agony.
The gnoll shaman hits you with a +0 club.
The gnoll sergeant barely misses you. The gnoll sergeant closely misses you.
You feel very sick.
The gnoll sergeant is no longer more vulnerable to fire.
The gnoll sergeant hits you with a +1 spear of pain.
The gnoll sergeant hits you with a +4 spear of chaos.
Unknown command.
As you read the scroll of teleportation, it crumbles to dust.
You feel strangely unstable.
You feel very sick.
The gnoll sergeant hits you but does no damage.
The gnoll sergeant hits you with a +4 spear of chaos!
The gnoll sergeant burns you.
The gnoll sergeant hits you from afar with a +1 spear of venom.
* * * LOW HITPOINT WARNING * * *
Unknown command.
You feel sick.
The gnoll sergeant hits you from afar with a +1 spear of pain.
* * * LOW HITPOINT WARNING * * *
The gnoll sergeant hits you from afar with a +4 spear of chaos!
* * * LOW HITPOINT WARNING * * *
The gnoll sergeant burns you.
You die...

####)...≈≈##g###.###.##≈≈.##.##..
...|....≈≈#.. .......#≈≈....#...
...)....≈≈### ##'##.###≈≈.###....
......<.≈≈..# #...# #..≈≈.# #...#
........≈≈.##. ⌠.⌠#.##.≈≈.# #...#
........≈≈.#. ...#..#.≈≈.###.###
........≈≈.##.##g##.##.≈≈.##..#..
........≈≈..#.#.gg#.#.....##..###
........≈≈.©#.gg@gg.#©..........#
######..≈≈..#.#8⌠8#)#...........#
#..≈≈.##.#####.##.≈≈........
#######.≈≈.#..# #.g#.≈≈........
.....##.≈≈.##.# #.##.≈≈...#####
####.##.≈≈..#.# .#.#..≈≈.....# #
# #.#..≈≈###.##'##.###≈≈.....# #
####....≈≈#.........gg#≈≈(....# #
....(#..≈≈##W###.###.##≈≈.....# #


You could see 3 gnoll sergeants, a gnoll shaman and 3 gnolls.

Vanquished Creatures
  6 centaur zombies
  A kobold demonologist (D:10)
  A wraith (D:6)
  A wyvern (D:9)
  A steam dragon (D:10)
  3 water moccasins
  2 black bears
  3 orc warriors
  2 ice beasts (D:6)
  4 sky beasts
  A hornet zombie (D:6)
  2 ogres
  2 centaurs
  A kobold brigand (D:8)
  2 elf zombies (Ossuary)
  A bullfrog (D:7)
  3 scorpions
  2 gnoll sergeants
  2 jellies
  A troll zombie (Ossuary)
  A water moccasin skeleton (D:6)
  4 killer bees (D:8)
  5 wights (D:9)
  3 howler monkeys (D:9)
  A gnoll shaman (D:5)
  A human zombie (Ossuary)
  2 orc priests
  3 hounds
  A bullfrog skeleton (D:4)
  4 iguanas
  A hell rat (D:10)
  8 orc wizards
  7 mummies (Ossuary)
  2 howler monkey zombies
  22 gnolls
  A howler monkey skeleton (D:7)
  7 adders
  A shadow imp (D:8)
  2 white imps (D:8)
  2 adder zombies (Ossuary)
  6 worms
  3 dart slugs
  22 orcs
  17 ball pythons
  4 endoplasms
  4 giant cockroaches
  2 gnoll zombies (Ossuary)
  6 goblins
  10 hobgoblins
  2 jackals (D:2)
  8 kobolds
  5 quokkas
  3 bats (D:2)
  2 frilled lizards (D:3)
  5 goblin zombies (Ossuary)
  2 hobgoblin zombies (Ossuary)
  4 kobold zombies (Ossuary)
  A quokka zombie (Ossuary)
  8 rats
  6 rat zombies (Ossuary)
239 creatures vanquished.

Vanquished Creatures (others)
  9 plants
9 creatures vanquished.

Grand Total: 248 creatures vanquished

Notes
Turn   | Place    | Note
-------+----------+-------------------------------------------
     0 | D:1      | BlackKnightOfGwyn the Human Cinder Acolyte began the quest
                  | for the Orb.
     0 | D:1      | Reached XP level 1. HP: 18/18 MP: 2/2
    98 | D:1      | Found a faded altar of an unknown god.
   144 | D:1      | Reached XP level 2. HP: 23/24 MP: 3/3
   170 | D:1      | Learned a level 2 spell: Scorch
   542 | D:1      | Reached XP level 3. HP: 29/29 MP: 2/5
  1134 | D:2      | Reached XP level 4. HP: 35/35 MP: 2/7
  1743 | D:2      | Reached XP level 5. HP: 41/41 MP: 3/8
  3617 | D:4      | Reached XP level 6. HP: 47/47 MP: 3/11
  3834 | D:4      | Found Kisk's Book Emporium.
  3852 | D:4      | Reached skill level 4 in Long Blades
  4002 | D:4      | Found Yniob's General Store.
  4008 | D:4      | Found Syrrad's Weapon Shoppe.
  4010 | D:4      | Found Sicud's Assorted Antiques.
  4010 | D:4      | Found Quera's Assorted Antiques.
  4276 | D:4      | Reached skill level 5 in Fire Magic
  4643 | D:4      | Noticed a sky beast
  4655 | D:4      | Killed a sky beast
  4656 | D:4      | Reached XP level 7. HP: 16/52 MP: 0/13
  5432 | D:5      | Entered Level 5 of the Dungeon
  5746 | D:5      | Reached XP level 8. HP: 55/58 MP: 3/15
  6089 | D:5      | Reached skill level 5 in Long Blades
  6089 | D:5      | Reached skill level 5 in Spellcasting
  6851 | D:6      | Reached XP level 9. HP: 55/63 MP: 10/18
  7063 | D:6      | Found a staircase to the Ecumenical Temple.
  7727 | D:6      | Reached skill level 6 in Long Blades
  8622 | D:7      | Reached skill level 7 in Long Blades
  8622 | D:7      | Reached XP level 10. HP: 43/71 MP: 1/20
  8798 | D:7      | Found a sand-covered staircase.
  8803 | Ossuary  | Entered an ossuary
  9462 | Ossuary  | Reached skill level 8 in Long Blades
 10094 | D:7      | Found a transporter.
 10095 | D:7      | Found a transporter.
 10662 | D:7      | Identified the ring "Riaffida" {rElec EV+4 Slay+2}
 10691 | D:7      | Noticed ma3's ghost (novice DrBr)
 10916 | D:8      | Reached skill level 5 in Fighting
 11033 | D:8      | Found a blossoming altar of Fedhas.
 11416 | D:8      | Reached skill level 1 in Shields
 12360 | D:9      | Reached skill level 9 in Long Blades
 13246 | D:10     | Entered Level 10 of the Dungeon
 13358 | D:10     | Noticed a kobold demonologist
 13362 | D:10     | Noticed an orange demon
 13367 | D:10     | Killed a kobold demonologist
 13490 | D:10     | Noticed a death yak
 13904 | D:4      | Bought a book of Touch for 338 gold pieces
 13909 | D:4      | Learned a level 4 spell: Sticky Flame
 14109 | D:7      | Identified the +6 scale mail of Cowardice {rC+}
 14114 | D:7      | HP: 2/76 [gnoll sergeant (10)]
 14114 | D:7      | Slain by a gnoll sergeant

Illustrated notes

Levels and vault maps discovered:
D:1:      heliophobic_arrival_battle_scene, layout_basic,
          basic_ecumenical_altar, amethyst_killhole
D:2:      layout_rooms, kennysheep_donut, kennysheep_cross_bottleneck,
          minmay_snake_closets
D:3:      layout_basic, uniq_crazy_yiuf_cottage
D:4:      layout_loops_corners, nicolae_wooded_promenade, minmay_misc_feat_five,
          minmay_misc_feat_pillars, fountainhead
D:5:      layout_gridville, pf_guarded_unrand_woodcutter
D:6:      layout_loops_cross, minmay_temple_entry_overgrown
D:7:      layout_basic, nicolae_ossuary_entry_plus,
          gammafunk_ghost_gnarly_gnolls
D:8:      black_bear_nest_1, layout_rooms, fedhas_altar_1
D:9:      layout_loops_cross
D:10:     layout_small_grid, dpeg_lair_monsters, nrook_uturn

Skill      XL: |  1  2  3  4  5  6  7  8  9 10 |
---------------+-------------------------------+-----
Spellcasting   | 2 3 4 6 7 |  7.0
Fire Magic     | 4 5 6 7 8 |  8.3
Long Blades    | 4 5 7 9 |  9.7
Fighting       | 4 6 |  6.0
Shields        | 3 |  3.0

Action                   |  1- 3 |  4- 6 |  7- 9 | 10-12 || total
-------------------------+-------+-------+-------+-------++-------
Melee: Falchion          |    70 |    52 |       |       ||   122
       Long sword        |       |    66 |    37 |    39 ||   142
 Cast: Scorch            |     9 |    65 |   117 |   203 ||   394
Evoke: Wand              |       |       |    17 |    12 ||    29
  Use: Scroll            |     2 |     4 |     5 |     9 ||    20
       Potion            |       |       |     1 |       ||     1
Armor: Robe              |    17 |       |       |       ||    17
       Leather armour    |     5 |    50 |    39 |    75 ||   169
Dodge: Dodged            |    52 |    82 |    59 |    85 ||   278
Block: Buckler           |       |       |       |     9 ||     9

Table legend: (Time is in decaauts)
 A = Elapsed time spent in this place.
 B = Non-inter-level travel time spent in this place.
 C = Inter-level travel time spent in this place.
 D = Time resting spent in this place.
 E = Time spent auto-exploring this place.
 F = Levels seen in this place.
 G = Mean time per level.
                   A        B        C        D        E       F      G
               +--------+--------+--------+--------+--------+-----+--------+
         Total |  14173 |  13589 |    584 |   1805 |  10107 |  11 | 1288.5 |
       Dungeon |  12968 |  12384 |    584 |   1714 |   9150 |  10 | 1296.8 |
       Ossuary |   1205 |   1205 |      0 |     91 |    957 |   1 | 1205.0 |
               +--------+--------+--------+--------+--------+-----+--------+

Top non-repeatable levels by time:
     D:4: 1868 daAuts
     D:6: 1835 daAuts
     D:5: 1597 daAuts
     D:9: 1428 daAuts
     D:7: 1375 daAuts
     D:2: 1360 daAuts
     D:3: 1218 daAuts
 Ossuary: 1205 daAuts
     D:1: 1034 daAuts
     D:8: 907 daAuts
    D:10: 343 daAuts
